 Dungeon Crawl Stone Soup version 0.30.1-4-g462c640d31 (webtiles) character file.

Game seed: 2462458997164353393

33 Almogavar the Shield-Bearer (level 3, -3/31 HPs)
             Began as a Gnoll Wanderer on Sept 18, 2023.
             Slain by a mummy (13 damage)
             ... in an ossuary.
             The game lasted 00:02:43 (798 turns).

Almogavar the Shield-Bearer (Gnoll Wanderer)         Turns: 798, Time: 00:02:44

Health: -3/31      AC:  3    Str: 13    XL:     3   Next: 29%
Magic:  4/4        EV: 11    Int:  8    God:
Gold:   22         SH:  7    Dex: 14    Spells: 3/3 levels left

rFire   . . .        a - +0 short sword
rCold   . . .        b - +2 buckler
rNeg    + . .        f - +0 leather armour
rPois   .            (no helmet)
rElec   .            (no cloak)
rCorr   .            (no gloves)
SInv    .            (no boots)
Will    .....        (no amulet)
Stlth   ++           j - ring of positive energy
HPRegen 0.25/turn    (no ring)
MPRegen 0.09/turn

%: no passive effects
@: no status effects
A: fangs 1, strong nose, distributed training
a: no special abilities


You were in an ossuary.
You visited 1 branch of the dungeon, and saw 3 of its levels.
You also visited: Ossuary.

You collected 22 gold pieces.

Inventory:

Hand Weapons
 a - a +0 short sword (weapon)
 d - a +0 dagger
Missiles
 c - 15 poisoned darts (quivered)
Armour
 b - a +2 buckler (worn)
 f - a +0 leather armour (worn)
 g - a +0 chain mail
 m - a +0 kite shield
Magical Staves
 h - a staff of death
Jewellery
 j - a ring of positive energy (left hand)
Scrolls
 l - a scroll of poison {unknown}
 n - a scroll of identify {unknown}
Potions
 e - a potion of curing
 i - a potion of haste {unknown}
 k - a potion of mutation {unknown}


   Skills:
 + Level 4.5 Fighting
 + Level 2.6 Short Blades
 + Level 0.8 Long Blades
 + Level 0.8 Axes
 + Level 0.8 Maces & Flails
 + Level 0.8 Polearms
 + Level 0.8 Staves
 + Level 0.8 Ranged Weapons
 + Level 4.5 Throwing
 + Level 2.6 Armour
 + Level 2.6 Dodging
 + Level 2.4 Stealth
 + Level 4.5 Shields
 + Level 0.8 Unarmed Combat
 + Level 0.8 Spellcasting
 + Level 0.5 Conjurations
 + Level 0.5 Hexes
 + Level 0.5 Summonings
 + Level 0.5 Necromancy
 + Level 0.5 Translocations
 + Level 0.5 Transmutations
 + Level 0.5 Fire Magic
 + Level 0.5 Ice Magic
 + Level 0.5 Air Magic
 + Level 0.5 Earth Magic
 + Level 0.5 Poison Magic
 + Level 1.0 Invocations
 + Level 0.8 Evocations


You had 3 spell levels left.
You didn't know any spells.
Your spell library contained the following spells:

 Spells                   Type           Power      Damage    Failure   Level
 Apportation              Tloc           2%         N/A       47%         1
 Alistair's Intoxication  Tmut/Pois      0%         N/A       100%        5


Dungeon Overview and Level Annotations

Branches:
Dungeon (2/15)            Ossuary (1/1)

Altars:


Innate Abilities, Weirdness & Mutations

You have very sharp teeth.
Your uncanny sense of smell can sniff out nearby items.
Your experience applies equally to all skills.


Message History

No target in view!
No target in view!
A hobgoblin zombie and 2 mummies come into view.
You hit the hobgoblin zombie but do no damage.
The hobgoblin zombie hits you.
You hit the hobgoblin zombie.
The hobgoblin zombie is heavily damaged.
You block the hobgoblin zombie's attack.
You barely miss the hobgoblin zombie.
The hobgoblin zombie is heavily damaged.
The hobgoblin zombie hits you but does no damage.
You hit the hobgoblin zombie.
The hobgoblin zombie is severely damaged.
You hit the hobgoblin zombie.
The hobgoblin zombie is almost destroyed.
The hobgoblin zombie barely misses you. The mummy hits you.
You barely miss the hobgoblin zombie.
The hobgoblin zombie is almost destroyed.
The mummy closely misses you.
The hobgoblin zombie closely misses you.
You barely miss the hobgoblin zombie.
The hobgoblin zombie is almost destroyed.
The mummy hits you!
You are too injured to fight recklessly!
Unknown command.
You hit the hobgoblin zombie.
You destroy the hobgoblin zombie!
Your Invocations skill increases to level 1!
You hit the mummy.
The mummy is moderately damaged.
The mummy hits you but does no damage.
You hit the mummy.
The mummy is moderately damaged.
You closely miss the mummy.
The mummy is moderately damaged.
The mummy hits you.
You hit the mummy. You bite the mummy, but do no damage.
The mummy is heavily damaged.
The mummy hits you!
You die...

#....#
∆
#....#
∆
#....#
∆
#....#
∆∆
#....#
∆∆ ∆
#....#
∆∆∆
∆∆∆
#....#
∆∆ ∆
#.M..#
∆ ∆∆
#@M∩.#
∆
######


You could see 2 mummies.

Vanquished Creatures
  4 endoplasms (D:1)
  2 giant cockroaches (D:1)
  4 goblins (D:1)
  2 hobgoblins (D:1)
  A ball python (D:1)
  4 bats (D:1)
  A frilled lizard (D:1)
  2 gnoll zombies (Ossuary)
  2 hobgoblin zombies (Ossuary)
  4 kobolds (D:1)
  A kobold zombie (Ossuary)
  2 orc zombies (Ossuary)
  3 rats (D:1)
32 creatures vanquished.

Notes
Turn   | Place    | Note
-------+----------+-------------------------------------------
     0 | D:1      | Almogavar the Gnoll Wanderer began the quest for the Orb.
     0 | D:1      | Almogavar set off with the following items: a +0 short
                  | sword, a +2 buckler, 10 poisoned darts, a +0 dagger, a
                  | potion of curing, a +0 leather armour.
     0 | D:1      | Reached XP level 1. HP: 20/20 MP: 1/1
   175 | D:1      | Reached XP level 2. HP: 26/26 MP: 2/2
   450 | D:1      | Reached XP level 3. HP: 31/31 MP: 3/3
   716 | D:2      | You fall into a shaft and drop 2 floors!
   717 | D:4      | Found a sand-covered staircase.
   722 | Ossuary  | Entered an ossuary
   795 | Ossuary  | Reached skill level 1 in Invocations
   798 | Ossuary  | Slain by a mummy

Illustrated notes

Levels and vault maps discovered:
D:1:      scummos_arrival_star, layout_loops_ring
D:2:      minmay_wonky_spiral, layout_basic, basic_altar,
          uniq_crazy_yiuf_cottage
D:4:      layout_basic, enter_ossuary_2, gammafunk_ghost_split,
          minmay_misc_feat_columns, chequers_jeans
Ossuary:  ossuary_tomb_3

Skill      XL: |  1  2  3 |
---------------+----------+-----
Invocations    | 1 |  1.0
Fighting       | |  4.5
Short Blades   | |  2.6
Long Blades    | |  0.8
Axes           | |  0.8
Maces & Flails | |  0.8
Polearms       | |  0.8
Staves         | |  0.8
Ranged Weapons | |  0.8
Throwing       | |  4.5
Armour         | |  2.6
Dodging        | |  2.6
Stealth        | |  2.4
Shields        | |  4.5
Unarmed Combat | |  0.8
Spellcasting   | |  0.8
Conjurations   | |  0.5
Hexes          | |  0.5
Summonings     | |  0.5
Necromancy     | |  0.5
Translocations | |  0.5
Transmutations | |  0.5
Fire Magic     | |  0.5
Ice Magic      | |  0.5
Air Magic      | |  0.5
Earth Magic    | |  0.5
Poison Magic   | |  0.5
Evocations     | |  0.8

Action                     || total
---------------------------++-------
  Melee: Short sword       ||   117
         Bite              ||    16
   Stab: Sleeping          ||     6
 Armour: Leather armour    ||    20
  Dodge: Dodged            ||    23
  Block: Buckler           ||    29
